 Dungeon Crawl Stone Soup version 0.31-a0-424-g41b3b0883d (webtiles) character file.

Game seed: 6236381422409175116

771 Ethylacetat the Changeling (level 7, -2/4 HPs)
             Began as an Octopode Shapeshifter on July 30, 2023.
             Slain by a killer bee (6 damage)
             ... on level 6 of the Dungeon.
             The game lasted 00:13:00 (3883 turns).

Ethylacetat the Changeling (Octopode Shapeshifter)  Turns: 3883, Time: 00:13:04

Health: -2/4       AC: 19    Str: 15    XL:     7   Next: 83%
Magic:  7/7        EV: 33    Int: 10    God:
Gold:   144        SH:  0    Dex: 14    Spells: 6/6 levels left

rFire   . . .        e - melded +0 dagger (venom)
rCold   . . .        (shield currently unavailable)
rNeg    . . .        (helmet currently unavailable)
rPois   ∞            (no amulet)
rElec   +            v - +4 ring of protection
rCorr   .            (no ring)
SInv    .            (no ring)
Will    .....        (no ring)
Stlth   +            (no ring)
HPRegen 0.20/turn    (no ring)
MPRegen 0.10/turn    (no ring)
                     (no ring)

%: no passive effects
@: storm-form, flying
A: cleaving, insubstantial, flying, reduced hp, almost no armour, amphibious, 8
rings, (camouflage 1), (gelatinous body 1), (nimble swimmer 1), (tentacles)
a: Blinkbolt, Begin Untransformation


You were on level 6 of the Dungeon.
You were a lightning-filled tempest!
You visited 1 branch of the dungeon, and saw 6 of its levels.

You collected 276 gold pieces.
You spent 132 gold pieces at shops.

Inventory:

Hand Weapons
 e - a +0 dagger of venom (melded)
Jewellery
 v - a +4 ring of protection (left tentacle)
Talismans
 b - a beast talisman
 f - a storm talisman (active)
Wands
 q - a wand of flame (17)
 t - a wand of roots (21)
Scrolls
 c - a scroll of fog {unknown}
 g - 2 scrolls of teleportation {unknown}
 h - 4 scrolls of identify {unknown}
 i - 2 scrolls of amnesia {unknown}
 j - 2 scrolls of butterflies {unknown}
 k - 2 scrolls of vulnerability {unknown}
 m - a scroll of fear {unknown}
 s - a scroll of revelation {unknown}
 u - a scroll of torment {unknown}
 x - a scroll of enchant armour {unknown}
 y - a scroll of blinking {unknown}
 A - a scroll of acquirement {unknown}
Potions
 a - 2 potions of lignification
 d - 2 potions of degeneration {unknown}
 l - a potion of ambrosia {unknown}
 n - 2 potions of attraction {unknown}
 o - 2 potions of heal wounds
 p - 5 potions of curing
 r - a potion of cancellation {unknown}
 w - a potion of berserk rage {unknown}
 z - a potion of mutation {unknown}


   Skills:
 + Level 4.1 Fighting
 - Level 3.3 Dodging
 + Level 5.2 Unarmed Combat
 * Level 5.2 Shapeshifting


You had 6 spell levels left.
You didn't know any spells.
Your spell library contained the following spells:

 Spells                   Type           Power      Damage    Failure   Level
 Shock                    Conj/Air       0%         1d3       36%         1
 Ensorcelled Hibernation  Hex/Ice        0%         N/A       50%         2
 Wereblood                Tmut           0%         N/A       50%         2
 Swiftness                Air            0%         N/A       75%         3
 Vhi's Electric Charge    Tloc/Air       0%         N/A       75%         3
 Airstrike                Air            0%         2d(0-16)  98%         4
 Anguish                  Hex/Necr       0%         N/A       98%         4
 Arcjolt                  Conj/Air       0%         1d10      100%        5
 Irradiate                Conj/Tmut      0%         3d11      100%        5
 Maxwell's Capacitive Co  Air            0%         ∞         100%        8


Dungeon Overview and Level Annotations

Branches:
Dungeon (6/15)
 Temple: D:4-7

Altars:
Trog
Uskayaw
Wu Jian
Zin

Shops:
D:3 !


Innate Abilities, Weirdness & Mutations

You are a lightning-filled tempest!
Your electrical attacks strike out in all directions at once.
You are incredibly evasive.
Your insubstantial body is immune to petrification, constriction, and being set on fire You are flying.
Your maximum health is decreased, since you lack skill for your form.
Your armour is entirely melded.
You are incapable of wielding weapons or throwing items.
You cannot wear most types of armour.
You are amphibious.
You can wear up to eight rings at the same time.
You are immune to poison.
((Your skin changes colour to match your surroundings (Stealth+).))
((Your rubbery body absorbs attacks. (AC +1, EV +1)))
((You are camouflaged when in or above water. (Stealth+)))
((You have tentacles for arms and can constrict up to eight enemies at once.))


Message History

There is an open door here.
You see here 2 poisoned darts.
There is a stone staircase leading up here.
There is a stone staircase leading down here.
You fly downwards.
Found a stone staircase leading up.
There is a stone staircase leading up here.
Nothing quivered!
Found a hand axe.
Found a stone staircase leading down.
y - a scroll labelled UXKURA KISODO
There is a stone staircase leading down here.
There is a stone staircase leading down here.
You see here a +0 hand axe.
You see here a +0 hand axe.
A - a scroll labelled YFENAWAJIO
Found a stone staircase leading down.
There is a stone staircase leading down here.
You now have 144 gold pieces (gained 10).
An orc comes into view. It is wielding a +0 trident.
A scorpion comes into view.
The scorpion completely misses you.
You batter the scorpion!!
You kill the scorpion!
The orc shouts!
You hear a shout! x2
A killer bee comes into view. x2
The orc completely misses you.
The killer bee moves out of view.
The orc closely misses you.
You closely miss the orc.
A killer bee comes into view.
The orc completely misses you.
The killer bee stings you but does no damage.
The killer bee buzzes angrily.
You buffet the orc!
You kill the orc!
You miss the killer bee.
You hear a shout!
The killer bee stings you.
Ouch! That really hurt!
You die...

##....## #
#......# ##
##..##..#####.
###..####...##..
#...## ##.....#
###..## ##....#
###....## #....#
#....##.#
##....#
#..v.##.##
#......
......)y.###.#
#......
....##.....###
#..#### ...
#..#.... #...#
.. #y...#....
#.... ..########
###### ... ...


You could see 2 killer bees.

Vanquished Creatures
  The ghost of Tinttamiau the Ducker, an amateur DjFE (D:4)
  3 scorpions
  2 centaur zombies (D:4)
  3 hounds (D:5)
  A centaur skeleton (D:4)
  A bullfrog skeleton (D:4)
  An iguana (D:5)
  Ijyb (D:5)
  A sleepcap (D:5)
  An orc wizard (D:3)
  10 adders
  4 worms
  3 dart slugs
  16 orcs
  3 ball pythons
  6 endoplasms
  4 giant cockroaches
  5 goblins
  5 hobgoblins
  2 jackals (D:3)
  6 kobolds
  3 quokkas
  6 bats
  6 rats
94 creatures vanquished.

Notes
Turn   | Place    | Note
-------+----------+-------------------------------------------
     0 | D:1      | Ethylacetat the Octopode Shapeshifter began the quest for
                  | the Orb.
     0 | D:1      | Reached XP level 1. HP: 13/13 MP: 1/1
   167 | D:1      | Reached XP level 2. HP: 18/18 MP: 2/2
   846 | D:2      | Reached XP level 3. HP: 2/24 MP: 3/3
  1316 | D:3      | Noticed a scorpion
  1316 | D:3      | Found a hide-covered altar of Uskayaw.
  1327 | D:3      | Reached XP level 4. HP: 2/29 MP: 4/4
  1329 | D:3      | Killed a scorpion
  1330 | D:3      | Reached XP level 5. HP: 3/35 MP: 5/5
  2081 | D:3      | Found Tedyn's Distillery.
  2087 | D:3      | Bought a potion of heal wounds for 60 gold pieces
  2087 | D:3      | Bought a potion of curing for 36 gold pieces
  2087 | D:3      | Bought a potion of curing for 36 gold pieces
  2356 | D:4      | Reached XP level 6. HP: 4/41 MP: 6/6
  2365 | D:4      | Found a runed translucent gate.
  2365 | D:4      | Found a runed translucent gate.
  2366 | D:4      | Found a runed translucent gate.
  2368 | D:4      | Noticed Tinttamiau's ghost (amateur DjFE)
  2379 | D:4      | Killed Tinttamiau's ghost
  2467 | D:4      | Reached XP level 7. HP: 4/46 MP: 7/7
  2496 | D:4      | Found an ornate altar of the Wu Jian Council.
  2748 | D:5      | Entered Level 5 of the Dungeon
  3035 | D:5      | Noticed Ijyb
  3039 | D:5      | Killed Ijyb
  3107 | D:5      | Reached skill level 5 in Unarmed Combat
  3111 | D:5      | Reached skill level 5 in Shapeshifting
  3168 | D:5      | Found a bloodstained altar of Trog.
  3216 | D:5      | Found a glowing silver altar of Zin.
  3216 | D:5      | Noticed an angel
  3883 | D:6      | Slain by a killer bee

Illustrated notes

Levels and vault maps discovered:
D:1:      dpeg_arrival_three_smaller_balls, layout_basic, nrook_mini_vaults
D:2:      wander_river, layout_loops_ring
D:3:      minmay_door_path, layout_loops_corners, nicolae_uskayaw_dance_hall,
          serial_shops, shop, minmay_misc_feat_four_crosses, kennysheep_path_1
D:4:      layout_basic, nicolae_wu_jian_wuxing_cycle, gammafunk_ghost_necromancy
D:5:      layout_loops_corners, zin_angel, mainiacjoe_overflow_chevrons,
          uniq_ijyb
D:6:      black_bear_nest_2, layout_layer_cave, grunt_decor_arrowhead,
          uniq_crazy_yiuf_cottage

Skill      XL: |  1  2  3  4  5  6  7 |
---------------+----------------------+-----
Fighting       | 2 3 4 |  4.1
Dodging        | 3 |  3.3
Unarmed Combat | 4 5 |  5.2
Shapeshifting  | 4 5 |  5.2

Action                     |  1- 3 |  4- 6 |  7- 9 || total
---------------------------+-------+-------+-------++-------
  Melee: Unarmed           |    42 |    70 |    49 ||   161
         Constrict         |     7 |       |       ||     7
         Tentacles         |     5 |       |       ||     5
         Dagger            |     3 |       |       ||     3
         Punch             |     2 |       |     1 ||     3
Ability: Blinkbolt         |     1 |     3 |     1 ||     5
   Stab: Sleeping          |    11 |     1 |       ||    12
 Armour: Skin              |     2 |     6 |     2 ||    10
  Dodge: Dodged            |    31 |    70 |    35 ||   136
   Form: Storm             |     1 |       |       ||     1

Table legend: (Time is in decaauts)
 A = Elapsed time spent in this place.
 B = Non-inter-level travel time spent in this place.
 C = Inter-level travel time spent in this place.
 D = Time resting spent in this place.
 E = Time spent auto-exploring this place.
 F = Levels seen in this place.
 G = Mean time per level.
                   A        B        C        D        E       F      G
               +--------+--------+--------+--------+--------+-----+--------+
         Total |   3868 |   3484 |    384 |      0 |   2911 |   6 |  644.7 |
       Dungeon |   3868 |   3484 |    384 |      0 |   2911 |   6 |  644.7 |
               +--------+--------+--------+--------+--------+-----+--------+

Top non-repeatable levels by time:
     D:3: 993 daAuts
     D:5: 966 daAuts
     D:1: 761 daAuts
     D:2: 551 daAuts
     D:4: 432 daAuts
     D:6: 164 daAuts
